[ AOE2 MATCH · #479210668 ]
Team RMItalians vs Japanese
[ REPLAY ANALYSIS · EXTRACTED FROM THE RECORDED GAME ]
Feudal
11:32
Castle
15:27
Imperial
33:48
| APM avg | 35.3 |
| APM peak | 77 |
| eAPM avg | 17.1 |
| Villagers / military | 135 / 815 |
Focus
⚔️ 32.6% · 🌾 67.4%
Genoese Crossbowman ×799 · Trade Cart ×254 · Bombard Cannon ×16
Feudal
10:14
Castle
21:08
Imperial
38:35
| APM avg | 34.0 |
| APM peak | 95 |
| eAPM avg | 24.2 |
| Villagers / military | 204 / 994 |
Focus
⚔️ 61.6% · 🌾 38.4%
Jaguar Warrior ×749 · Spearman ×203 · Trade Cart ×56 · Monk ×21 · Militia ×9 · Eagle Scout ×8
Feudal
14:42
Castle
23:12
Imperial
35:30
| APM avg | 35.9 |
| APM peak | 86 |
| eAPM avg | 21.0 |
| Villagers / military | 284 / 1677 |
Focus
⚔️ 48.0% · 🌾 52.0%
Spearman ×900 · Samurai ×518 · Militia ×216 · Trade Cart ×50 · Mangonel ×19 · Trebuchet (Packed) ×13
Feudal
10:21
Castle
21:35
Imperial
34:30
| APM avg | 29.1 |
| APM peak | 73 |
| eAPM avg | 14.8 |
| Villagers / military | 182 / 991 |
Focus
⚔️ 37.7% · 🌾 62.3%
Skirmisher ×495 · Spearman ×294 · War Wagon ×94 · Fire Lancer ×80 · Trade Cart ×28 · Hand Cannoneer ×19
Feudal
11:06
Castle
18:18
Imperial
27:29
| APM avg | 37.8 |
| APM peak | 82 |
| eAPM avg | 10.3 |
| Villagers / military | 86 / 365 |
Focus
⚔️ 36.4% · 🌾 63.6%
Organ Gun ×183 · Spearman ×149 · Unknown (882) ×91 · Bombard Cannon ×33 · Trade Cart ×13
Feudal
10:24
Castle
17:15
Imperial
30:22
| APM avg | 27.0 |
| APM peak | 82 |
| eAPM avg | 12.1 |
| Villagers / military | 238 / 454 |
Focus
⚔️ 29.4% · 🌾 70.6%
Mangudai ×276 · Mangonel ×129 · Trade Cart ×71 · Scorpion ×27 · Battering Ram ×22
Feudal
10:39
Castle
16:52
Imperial
37:28
| APM avg | 38.5 |
| APM peak | 116 |
| eAPM avg | 17.6 |
| Villagers / military | 203 / 1096 |
Focus
⚔️ 29.0% · 🌾 71.0%
Magyar Huszar ×812 · Spearman ×240 · Unknown (882) ×69 · Trade Cart ×22 · Trebuchet (Packed) ×20 · Mangonel ×13
Feudal
13:42
Castle
19:32
Imperial
35:31
| APM avg | 18.1 |
| APM peak | 49 |
| eAPM avg | 8.3 |
| Villagers / military | 133 / 681 |
Focus
⚔️ 49.0% · 🌾 51.0%
Knight ×465 · Scout Cavalry ×200 · Trade Cart ×20 · Trebuchet (Packed) ×9 · Monk ×7
Match map
Initial resources + every placement click. Lines = walls · curves = elevation contours. ◆ gold · ⬟ stone · ● berries · ✦ relic · ◌ wall gap
Your base· Open — opponent sealed themselves in
Caballo Loco's base· Open — opponent sealed themselves in
白腳黑貓's base· ✓ Closed at 23:12 · 17t walls · no gate
狗狗汪汪's base· ✓ Closed at 21:35 · 29t walls · no gate
Танцующий Xyй's base· Open — opponent sealed themselves in
XXIV's base· ✓ Closed at 17:15 · 0t walls · no gate
Naxzh Foster's base· Open — opponent sealed themselves in
sl781111's base· ✓ Closed at 19:32 · 0t walls · no gate
Smoothed initial terrain · ◌ = detected wall gap · hover for details
Inputs per minute
— Entropy - - Caballo Loco
Build order — Entropy
First 150 of 615 actions detected
| 0:02 | Create | Villager (Male) |
| 0:02 | Create | Villager (Male) |
| 0:04 | Build | House |
| 0:05 | Build | House |
| 1:02 | Create | Villager (Male) |
| 1:11 | Research | Loom |
| 1:14 | Create | Villager (Male) |
| 1:47 | Create | Villager (Male) |
| 1:47 | Create | Villager (Male) |
| 2:12 | Create | Villager (Male) |
| 2:55 | Build | Lumber Camp |
| 2:57 | Create | Villager (Male) |
| 3:23 | Create | Villager (Male) |
| 3:24 | Create | Villager (Male) |
| 3:29 | Build | House |
| 3:54 | Create | Villager (Male) |
| 3:54 | Create | Villager (Male) |
| 4:57 | Create | Villager (Male) |
| 5:04 | Build | House |
| 5:20 | Build | Mill |
| 5:33 | Create | Villager (Male) |
| 5:33 | Create | Villager (Male) |
| 5:33 | Create | Villager (Male) |
| 5:34 | Create | Villager (Male) |
| 6:19 | Build | Mining Camp |
| 6:57 | Create | Villager (Male) |
| 7:00 | Create | Villager (Male) |
| 7:25 | Create | Villager (Male) |
| 7:44 | Create | Villager (Male) |
| 7:53 | Build | House |
| 8:23 | Research | Loom |
| 8:34 | Create | Villager (Male) |
| 8:59 | Research | Feudal Age |
| 9:01 | Research | Loom |
| 9:02 | Research | Feudal Age |
| 9:20 | Create | Villager (Male) |
| 9:21 | Create | Villager (Male) |
| 10:01 | Create | Villager (Male) |
| 11:00 | Create | Villager (Male) |
| 11:05 | Build | House |
| 11:08 | Build | Palisade Wall |
| 11:15 | Create | Villager (Male) |
| 11:32 | Age | Feudal Age |
| 11:39 | Build | Market |
| 11:49 | Build | Blacksmith |
| 12:12 | Create | Villager (Male) |
| 12:34 | Research | Castle Age |
| 13:00 | Build | Mining Camp |
| 13:24 | Research | Wheelbarrow |
| 13:28 | Research | Double-Bit Axe |
| 13:35 | Research | Horse Collar |
| 14:23 | Research | Wheelbarrow |
| 14:51 | Create | Villager (Male) |
| 15:06 | Create | Villager (Male) |
| 15:27 | Age | Castle Age |
| 15:37 | Research | Bow Saw |
| 15:49 | Build | Town Center |
| 16:08 | Create | Villager (Male) |
| 16:32 | Research | Heavy Plow |
| 16:37 | Create | Villager (Male) |
| 17:08 | Create | Villager (Male) |
| 17:26 | Build | Farm |
| 17:28 | Build | Farm |
| 17:28 | Build | Farm |
| 17:31 | Build | Farm |
| 17:43 | Create | Villager (Male) |
| 17:49 | Build | Farm |
| 17:58 | Build | Farm |
| 18:04 | Build | Farm |
| 18:23 | Build | Castle |
| 18:30 | Create | Villager (Male) |
| 19:33 | Create | Villager (Male) |
| 19:38 | Build | Farm |
| 19:39 | Build | Farm |
| 19:39 | Build | Farm |
| 19:39 | Build | Farm |
| 19:40 | Build | Farm |
| 19:40 | Build | Farm |
| 19:41 | Build | Farm |
| 19:50 | Create | Villager (Male) |
| 20:00 | Create | Genoese Crossbowman |
| 20:11 | Create | Villager (Male) |
| 20:17 | Build | Farm |
| 20:21 | Create | Villager (Male) |
| 20:31 | Create | Villager (Male) |
| 20:40 | Create | Genoese Crossbowman |
| 20:46 | Research | Fletching |
| 20:47 | Research | Fletching |
| 20:52 | Create | Genoese Crossbowman |
| 20:54 | Create | Villager (Male) |
| 21:12 | Create | Genoese Crossbowman |
| 22:13 | Create | Genoese Crossbowman |
| 22:13 | Create | Genoese Crossbowman |
| 22:19 | Create | Villager (Male) |
| 22:19 | Create | Villager (Male) |
| 22:21 | Create | Villager (Male) |
| 22:21 | Create | Villager (Male) |
| 22:22 | Create | Villager (Male) |
| 22:40 | Create | Villager (Male) |
| 22:40 | Create | Villager (Male) |
| 23:33 | Build | Castle |
| 23:35 | Create | Villager (Male) |
| 23:37 | Create | Villager (Male) |
| 23:42 | Build | Town Center |
| 23:51 | Create | Villager (Male) |
| 23:58 | Research | Bodkin Arrow |
| 24:12 | Create | Villager (Male) |
| 24:13 | Create | Villager (Male) |
| 24:19 | Build | Farm |
| 24:20 | Create | Villager (Male) |
| 24:31 | Create | Villager (Male) |
| 24:52 | Create | Villager (Male) |
| 24:52 | Create | Villager (Male) |
| 24:58 | Build | House |
| 25:00 | Build | House |
| 25:03 | Build | House |
| 25:05 | Build | House |
| 25:43 | Create | Villager (Male) |
| 25:43 | Create | Villager (Male) |
| 26:21 | Create | Villager (Male) |
| 26:21 | Create | Villager (Male) |
| 26:21 | Create | Villager (Male) |
| 26:40 | Build | University |
| 26:51 | Create | Villager (Male) |
| 26:52 | Create | Villager (Male) |
| 26:53 | Create | Villager (Male) |
| 26:56 | Create | Villager (Male) |
| 26:56 | Create | Villager (Male) |
| 26:56 | Create | Villager (Male) |
| 26:56 | Create | Villager (Male) |
| 27:00 | Build | Lumber Camp |
| 27:12 | Create | Villager (Male) |
| 27:12 | Create | Villager (Male) |
| 27:12 | Create | Villager (Male) |
| 27:19 | Create | Villager (Male) |
| 27:19 | Create | Villager (Male) |
| 27:20 | Create | Villager (Male) |
| 27:25 | Research | Ballistics |
| 27:41 | Build | Castle |
| 27:53 | Create | Villager (Male) |
| 27:53 | Create | Villager (Male) |
| 28:19 | Create | Villager (Male) |
| 28:20 | Create | Villager (Male) |
| 28:20 | Create | Villager (Male) |
| 28:28 | Build | Farm |
| 28:28 | Build | Farm |
| 28:28 | Build | Farm |
| 28:28 | Build | Farm |
| 28:29 | Build | Farm |
| 28:29 | Build | Farm |
Build order — Caballo Loco
First 150 of 1513 actions detected
| 0:05 | Build | House |
| 0:06 | Create | Villager (Male) |
| 0:06 | Create | Villager (Male) |
| 0:07 | Create | Villager (Male) |
| 0:08 | Build | House |
| 0:09 | Create | Villager (Male) |
| 0:09 | Create | Villager (Male) |
| 1:31 | Create | Villager (Male) |
| 2:18 | Create | Villager (Male) |
| 2:18 | Create | Villager (Male) |
| 3:04 | Create | Villager (Male) |
| 3:08 | Research | Loom |
| 3:15 | Build | House |
| 3:18 | Build | House |
| 3:23 | Build | Lumber Camp |
| 3:29 | Create | Villager (Male) |
| 4:02 | Create | Villager (Male) |
| 4:33 | Create | Villager (Male) |
| 4:34 | Create | Villager (Male) |
| 4:34 | Create | Villager (Male) |
| 5:24 | Create | Villager (Male) |
| 5:25 | Create | Villager (Male) |
| 5:25 | Create | Villager (Male) |
| 5:57 | Create | Villager (Male) |
| 5:57 | Create | Villager (Male) |
| 5:57 | Create | Villager (Male) |
| 6:17 | Build | Mill |
| 6:48 | Create | Villager (Male) |
| 7:21 | Create | Villager (Male) |
| 8:04 | Research | Feudal Age |
| 8:39 | Build | Mining Camp |
| 10:09 | Create | Villager (Male) |
| 10:14 | Age | Feudal Age |
| 10:16 | Create | Villager (Male) |
| 10:41 | Research | Gold Mining |
| 10:44 | Research | Double-Bit Axe |
| 11:15 | Build | Barracks |
| 11:17 | Build | House |
| 11:28 | Create | Villager (Male) |
| 11:29 | Create | Villager (Male) |
| 11:41 | Build | Farm |
| 11:42 | Build | Farm |
| 11:43 | Build | Farm |
| 11:59 | Create | Villager (Male) |
| 12:29 | Create | Eagle Scout |
| 12:29 | Create | Eagle Scout |
| 12:29 | Create | Eagle Scout |
| 12:34 | Build | Barracks |
| 12:36 | Create | Villager (Male) |
| 12:49 | Create | Villager (Male) |
| 13:23 | Build | Farm |
| 13:26 | Create | Villager (Male) |
| 13:47 | Build | House |
| 14:27 | Build | House |
| 14:29 | Build | House |
| 14:40 | Build | Gate |
| 14:44 | Create | Villager (Male) |
| 14:45 | Create | Villager (Male) |
| 14:59 | Build | Market |
| 15:08 | Create | Villager (Male) |
| 15:14 | Build | Farm |
| 15:33 | Create | Eagle Scout |
| 15:34 | Create | Eagle Scout |
| 16:07 | Build | Watch Tower |
| 16:39 | Build | Gate |
| 17:34 | Build | Blacksmith |
| 17:38 | Create | Villager (Male) |
| 17:38 | Create | Villager (Male) |
| 17:59 | Build | Gate |
| 18:13 | Research | Castle Age |
| 18:40 | Build | Mining Camp |
| 18:50 | Build | Lumber Camp |
| 18:58 | Build | Farm |
| 19:01 | Research | Horse Collar |
| 19:18 | Research | Forging |
| 19:33 | Build | Farm |
| 20:12 | Create | Eagle Scout |
| 20:13 | Create | Eagle Scout |
| 20:13 | Create | Eagle Scout |
| 20:29 | Research | Wheelbarrow |
| 20:51 | Build | Mining Camp |
| 21:08 | Age | Castle Age |
| 21:22 | Create | Villager (Male) |
| 21:22 | Create | Villager (Male) |
| 22:04 | Research | Stone Mining |
| 22:24 | Build | Town Center |
| 22:37 | Create | Villager (Male) |
| 22:38 | Create | Villager (Male) |
| 22:38 | Create | Villager (Male) |
| 22:38 | Create | Villager (Male) |
| 23:16 | Build | House |
| 23:17 | Build | House |
| 23:19 | Build | House |
| 23:36 | Build | Mining Camp |
| 23:43 | Build | Farm |
| 23:44 | Build | Farm |
| 23:47 | Build | Farm |
| 23:51 | Build | Farm |
| 23:53 | Create | Villager (Male) |
| 23:53 | Create | Villager (Male) |
| 23:56 | Create | Villager (Male) |
| 23:56 | Create | Villager (Male) |
| 24:01 | Build | Farm |
| 24:11 | Research | Squires |
| 24:20 | Create | Villager (Male) |
| 24:20 | Create | Villager (Male) |
| 24:34 | Build | Farm |
| 24:41 | Build | Farm |
| 24:51 | Research | Scale Mail Armor |
| 25:08 | Build | Farm |
| 25:10 | Create | Villager (Male) |
| 25:11 | Create | Villager (Male) |
| 25:20 | Build | House |
| 25:21 | Build | House |
| 25:22 | Build | House |
| 25:41 | Research | Gambesons |
| 25:46 | Create | Villager (Male) |
| 25:47 | Create | Villager (Male) |
| 25:47 | Create | Villager (Male) |
| 26:05 | Research | Bow Saw |
| 26:10 | Create | Villager (Male) |
| 26:19 | Create | Villager (Male) |
| 26:31 | Build | Farm |
| 26:33 | Build | Farm |
| 26:44 | Build | Farm |
| 26:45 | Build | Farm |
| 26:47 | Create | Villager (Male) |
| 26:47 | Create | Villager (Male) |
| 26:50 | Create | Villager (Male) |
| 26:50 | Create | Villager (Male) |
| 27:14 | Create | Trade Cart |
| 27:26 | Build | Gate |
| 27:28 | Create | Villager (Male) |
| 27:29 | Create | Villager (Male) |
| 27:29 | Create | Villager (Male) |
| 27:43 | Build | Town Center |
| 27:59 | Build | Castle |
| 28:01 | Create | Villager (Male) |
| 28:02 | Create | Villager (Male) |
| 28:02 | Create | Villager (Male) |
| 28:05 | Research | Iron Casting |
| 28:14 | Build | Mill |
| 28:16 | Build | Farm |
| 28:23 | Build | Farm |
| 28:26 | Build | Farm |
| 28:36 | Create | Villager (Male) |
| 28:38 | Create | Villager (Male) |
| 28:44 | Build | Farm |
| 28:50 | Build | Farm |
| 28:51 | Build | Farm |
Build order — 白腳黑貓
First 150 of 966 actions detected
| 0:02 | Create | Villager (Male) ×4 |
| 0:03 | Build | House |
| 0:04 | Build | House |
| 1:09 | Research | Loom |
| 1:09 | Research | Loom |
| 1:11 | Create | Villager (Male) |
| 1:11 | Create | Villager (Male) |
| 1:43 | Create | Villager (Male) |
| 1:43 | Create | Villager (Male) |
| 2:33 | Create | Villager (Male) |
| 2:33 | Create | Villager (Male) |
| 2:52 | Create | Villager (Male) |
| 2:53 | Create | Villager (Male) |
| 3:26 | Build | House |
| 3:27 | Build | House |
| 3:31 | Create | Villager (Male) |
| 3:45 | Build | Palisade Wall |
| 3:56 | Create | Villager (Male) |
| 3:56 | Create | Villager (Male) |
| 4:16 | Create | Villager (Male) |
| 4:16 | Create | Villager (Male) |
| 4:16 | Create | Villager (Male) |
| 4:38 | Build | Palisade Wall |
| 4:54 | Create | Villager (Male) |
| 4:55 | Create | Villager (Male) |
| 5:43 | Create | Villager (Male) |
| 5:43 | Create | Villager (Male) |
| 6:09 | Create | Villager (Male) |
| 6:09 | Create | Villager (Male) |
| 6:14 | Build | Lumber Camp |
| 6:42 | Create | Villager (Male) |
| 6:42 | Create | Villager (Male) |
| 6:42 | Create | Villager (Male) |
| 6:43 | Create | Villager (Male) |
| 7:03 | Create | Villager (Male) |
| 7:03 | Create | Villager (Male) |
| 7:03 | Create | Villager (Male) |
| 7:03 | Create | Villager (Male) |
| 7:04 | Create | Villager (Male) |
| 7:24 | Build | Barracks |
| 7:58 | Build | Mill |
| 8:03 | Create | Militia |
| 8:03 | Create | Militia |
| 8:03 | Create | Militia |
| 8:11 | Build | House |
| 8:22 | Create | Villager (Male) |
| 8:34 | Build | House |
| 8:55 | Build | Mining Camp |
| 9:05 | Create | Villager (Male) |
| 9:06 | Create | Villager (Male) |
| 9:14 | Create | Villager (Male) |
| 9:14 | Create | Villager (Male) |
| 9:24 | Create | Villager (Male) |
| 9:40 | Build | House |
| 9:56 | Create | Militia |
| 10:18 | Build | Mill |
| 11:06 | Create | Militia |
| 11:06 | Create | Militia |
| 11:10 | Build | House |
| 11:11 | Create | Villager (Male) |
| 11:55 | Build | Farm |
| 11:56 | Build | Farm |
| 11:57 | Build | Farm |
| 12:32 | Research | Feudal Age |
| 12:32 | Research | Feudal Age |
| 12:33 | Research | Feudal Age |
| 12:35 | Build | Farm |
| 12:59 | Build | Farm |
| 13:25 | Create | Villager (Male) |
| 13:25 | Create | Villager (Male) |
| 13:30 | Create | Villager (Male) |
| 14:24 | Create | Villager (Male) |
| 14:24 | Create | Villager (Male) |
| 14:30 | Build | Lumber Camp |
| 14:42 | Age | Feudal Age |
| 14:48 | Build | Blacksmith |
| 14:50 | Research | Man-at-Arms (upgrade) |
| 14:50 | Research | Man-at-Arms (upgrade) |
| 14:53 | Create | Militia |
| 14:53 | Create | Militia |
| 14:57 | Create | Villager (Male) |
| 15:09 | Research | Horse Collar |
| 15:19 | Create | Villager (Male) |
| 15:44 | Build | Farm |
| 15:45 | Build | Farm |
| 16:00 | Research | Arson |
| 16:14 | Create | Villager (Male) |
| 16:16 | Build | Farm |
| 16:45 | Build | House |
| 16:46 | Build | House |
| 16:53 | Build | Lumber Camp |
| 17:00 | Create | Villager (Male) |
| 17:07 | Build | Farm |
| 17:08 | Build | Farm |
| 17:15 | Build | Farm |
| 17:16 | Build | Farm |
| 17:17 | Build | Farm |
| 17:27 | Create | Villager (Male) |
| 17:27 | Create | Villager (Male) |
| 17:27 | Create | Villager (Male) |
| 17:27 | Create | Villager (Male) |
| 17:28 | Create | Villager (Male) |
| 17:40 | Build | Farm |
| 17:45 | Build | Farm |
| 18:23 | Build | Farm |
| 18:24 | Build | Farm |
| 19:30 | Build | Market |
| 19:35 | Create | Villager (Male) |
| 19:53 | Create | Villager (Male) |
| 20:21 | Build | Farm |
| 20:22 | Research | Castle Age |
| 20:22 | Research | Castle Age |
| 20:31 | Research | Double-Bit Axe |
| 20:32 | Research | Double-Bit Axe |
| 20:34 | Research | Gold Mining |
| 20:34 | Research | Gold Mining |
| 21:35 | Research | Wheelbarrow |
| 21:36 | Research | Wheelbarrow |
| 21:40 | Research | Stone Mining |
| 21:40 | Research | Stone Mining |
| 22:38 | Build | Lumber Camp |
| 22:42 | Build | House |
| 22:43 | Build | House |
| 23:12 | Age | Castle Age |
| 23:14 | Build | Town Center |
| 23:20 | Build | Town Center |
| 23:27 | Create | Villager (Male) |
| 23:27 | Create | Villager (Male) |
| 23:28 | Create | Villager (Male) |
| 23:31 | Build | Town Center |
| 23:44 | Build | Stone Wall |
| 23:50 | Research | Gold Shaft Mining |
| 23:50 | Research | Gold Shaft Mining |
| 23:50 | Research | Bow Saw |
| 23:50 | Research | Bow Saw |
| 23:52 | Research | Heavy Plow |
| 23:52 | Research | Heavy Plow |
| 24:37 | Build | Stone Wall |
| 24:41 | Create | Villager (Male) |
| 24:41 | Create | Villager (Male) |
| 24:41 | Create | Villager (Male) |
| 24:49 | Create | Villager (Male) |
| 24:49 | Create | Villager (Male) |
| 24:54 | Create | Villager (Male) |
| 24:54 | Create | Villager (Male) |
| 25:10 | Build | Farm |
| 25:11 | Build | Farm |
| 25:16 | Build | Farm |
| 25:17 | Build | Farm |
| 25:19 | Create | Villager (Male) |
Build order — 狗狗汪汪
First 150 of 504 actions detected
| 0:02 | Create | Villager (Male) ×4 |
| 0:03 | Build | House |
| 0:07 | Build | House |
| 0:56 | Research | Loom |
| 1:31 | Create | Villager (Male) |
| 2:06 | Create | Villager (Male) |
| 2:29 | Create | Villager (Male) |
| 3:05 | Create | Villager (Male) |
| 3:36 | Build | Lumber Camp |
| 3:44 | Create | Villager (Male) |
| 3:52 | Build | House |
| 3:54 | Build | House |
| 3:56 | Create | Villager (Male) |
| 4:36 | Create | Villager (Male) |
| 5:00 | Create | Villager (Male) |
| 5:05 | Create | Villager (Male) |
| 5:49 | Create | Villager (Male) |
| 6:16 | Build | Mill |
| 6:21 | Create | Villager (Male) |
| 6:53 | Create | Villager (Male) |
| 7:17 | Create | Villager (Male) |
| 7:46 | Create | Villager (Male) |
| 7:56 | Research | Feudal Age |
| 8:21 | Build | House |
| 8:22 | Build | Lumber Camp |
| 9:37 | Build | Barracks |
| 9:39 | Build | House |
| 9:41 | Create | Villager (Male) |
| 10:21 | Age | Feudal Age |
| 10:54 | Create | Villager (Male) |
| 11:26 | Build | Watch Tower |
| 11:35 | Build | Mining Camp |
| 11:41 | Create | Villager (Male) |
| 11:50 | Build | Mining Camp |
| 11:59 | Build | Mill |
| 12:00 | Create | Villager (Male) |
| 12:36 | Create | Villager (Male) |
| 13:06 | Build | Archery Range |
| 13:08 | Create | Villager (Male) |
| 13:34 | Create | Villager (Male) |
| 14:02 | Build | Farm |
| 14:03 | Create | Villager (Male) |
| 14:08 | Create | Archer |
| 14:09 | Create | Archer |
| 14:14 | Build | House |
| 14:27 | Create | Villager (Male) |
| 14:30 | Build | Farm |
| 14:40 | Create | Archer |
| 14:45 | Build | House |
| 14:59 | Build | Farm |
| 15:02 | Research | Double-Bit Axe |
| 15:04 | Create | Villager (Male) |
| 15:20 | Build | Watch Tower |
| 15:25 | Create | Villager (Male) |
| 16:04 | Build | Market |
| 16:10 | Create | Villager (Male) |
| 16:15 | Create | Archer |
| 16:33 | Create | Villager (Male) |
| 16:55 | Build | Watch Tower |
| 16:59 | Create | Villager (Male) |
| 17:05 | Build | Blacksmith |
| 17:34 | Create | Villager (Male) |
| 17:39 | Build | Farm |
| 18:03 | Build | Farm |
| 18:04 | Create | Villager (Male) |
| 18:31 | Build | Farm |
| 18:49 | Build | Palisade Wall |
| 18:49 | Build | Palisade Wall |
| 18:50 | Build | Palisade Wall |
| 18:51 | Build | Palisade Wall |
| 18:52 | Create | Villager (Male) |
| 18:55 | Research | Castle Age |
| 19:30 | Research | Horse Collar |
| 19:44 | Build | Mining Camp |
| 19:46 | Build | Farm |
| 19:48 | Build | Farm |
| 19:51 | Build | Farm |
| 19:53 | Build | Farm |
| 19:59 | Build | Mining Camp |
| 20:11 | Build | House |
| 20:13 | Build | House |
| 20:14 | Build | House |
| 20:59 | Build | Stone Wall |
| 21:31 | Build | Stone Wall |
| 21:35 | Age | Castle Age |
| 21:40 | Build | Castle |
| 21:46 | Create | Villager (Male) |
| 21:46 | Create | Villager (Male) |
| 22:33 | Create | Villager (Male) |
| 22:34 | Build | Farm |
| 22:46 | Build | Monastery |
| 22:51 | Build | Farm |
| 22:53 | Create | Villager (Male) |
| 23:04 | Build | Town Center |
| 23:06 | Create | Villager (Male) |
| 23:08 | Build | Farm |
| 23:10 | Create | Villager (Male) |
| 23:24 | Build | Gate |
| 23:34 | Create | Villager (Male) ×5 |
| 23:41 | Create | Monk |
| 24:08 | Create | Villager (Male) |
| 24:46 | Build | Farm |
| 24:48 | Build | Farm |
| 24:48 | Build | Farm |
| 25:07 | Build | Farm |
| 25:12 | Research | Town Watch |
| 25:14 | Create | Villager (Male) ×5 |
| 26:17 | Build | Farm |
| 26:21 | Build | Farm |
| 26:24 | Build | Farm |
| 26:38 | Create | Trade Cart |
| 26:38 | Create | Trade Cart |
| 26:38 | Create | Trade Cart |
| 26:43 | Create | Villager (Male) ×5 |
| 26:59 | Build | Lumber Camp |
| 27:04 | Research | Stone Mining |
| 27:46 | Build | Farm |
| 27:48 | Build | Farm |
| 27:51 | Create | Villager (Male) |
| 27:51 | Create | Villager (Male) |
| 27:59 | Create | Villager (Male) |
| 28:25 | Build | Farm |
| 28:29 | Build | Farm |
| 28:41 | Build | Town Center |
| 28:48 | Create | Villager (Male) ×5 |
| 29:12 | Build | Farm |
| 29:15 | Create | Villager (Male) |
| 29:19 | Build | Lumber Camp |
| 29:23 | Build | Farm |
| 29:26 | Research | Bow Saw |
| 29:29 | Create | Villager (Male) ×5 |
| 29:39 | Research | Wheelbarrow |
| 29:45 | Build | Farm |
| 29:59 | Build | Farm |
| 29:59 | Build | Farm |
| 30:27 | Build | Farm |
| 30:32 | Build | Farm |
| 30:42 | Create | Villager (Male) |
| 31:20 | Research | Imperial Age |
| 31:28 | Build | Mining Camp |
| 31:31 | Research | Gold Mining |
| 31:54 | Build | House |
| 31:56 | Build | House |
| 31:57 | Build | House |
| 31:58 | Build | House |
| 31:59 | Build | House |
| 32:00 | Build | House |
| 32:00 | Build | House |
| 32:01 | Build | House |
| 32:22 | Build | Monastery |
Build order — Танцующий Xyй
First 150 of 317 actions detected
| 0:04 | Create | Villager (Male) ×4 |
| 0:04 | Create | Villager (Male) ×4 |
| 0:05 | Research | Loom |
| 0:05 | Research | Loom |
| 0:09 | Build | House |
| 0:10 | Build | House |
| 0:10 | Build | House |
| 0:10 | Build | House |
| 1:14 | Build | Lumber Camp |
| 1:42 | Create | Villager (Male) |
| 1:42 | Create | Villager (Male) |
| 2:14 | Create | Villager (Male) |
| 2:15 | Create | Villager (Male) |
| 2:45 | Create | Villager (Male) |
| 3:35 | Create | Villager (Male) |
| 3:35 | Create | Villager (Male) |
| 4:12 | Create | Villager (Male) |
| 4:12 | Create | Villager (Male) |
| 4:12 | Create | Villager (Male) |
| 4:29 | Create | Villager (Male) |
| 4:29 | Create | Villager (Male) |
| 4:45 | Create | Villager (Male) |
| 4:46 | Create | Villager (Male) |
| 5:07 | Create | Villager (Male) |
| 5:07 | Create | Villager (Male) |
| 5:35 | Create | Villager (Male) |
| 5:35 | Create | Villager (Male) |
| 6:38 | Create | Villager (Male) |
| 6:38 | Create | Villager (Male) |
| 7:59 | Build | Mill |
| 8:06 | Create | Villager (Male) |
| 8:06 | Create | Villager (Male) |
| 8:10 | Create | Villager (Male) |
| 8:11 | Create | Villager (Male) |
| 8:41 | Research | Feudal Age |
| 8:41 | Research | Feudal Age |
| 11:06 | Age | Feudal Age |
| 12:20 | Create | Villager (Male) |
| 12:20 | Create | Villager (Male) |
| 12:20 | Create | Villager (Male) |
| 12:20 | Create | Villager (Male) |
| 13:04 | Build | Market |
| 13:26 | Build | Blacksmith |
| 13:40 | Create | Villager (Male) |
| 13:40 | Create | Villager (Male) |
| 13:41 | Create | Villager (Male) |
| 13:41 | Create | Villager (Male) |
| 13:52 | Build | Mining Camp |
| 14:14 | Build | House |
| 14:15 | Build | House |
| 14:16 | Build | House |
| 15:09 | Build | House |
| 15:10 | Build | House |
| 15:13 | Build | Mining Camp |
| 15:30 | Build | Palisade Gate |
| 15:38 | Research | Castle Age |
| 16:02 | Build | Palisade Gate |
| 16:05 | Build | Palisade Gate |
| 16:13 | Build | Palisade Gate |
| 16:23 | Build | Lumber Camp |
| 17:50 | Build | Gate |
| 18:04 | Build | House |
| 18:18 | Age | Castle Age |
| 18:45 | Build | Castle |
| 20:11 | Build | Farm |
| 20:49 | Create | Organ Gun |
| 21:06 | Build | Farm |
| 21:43 | Build | Farm |
| 22:56 | Build | Mining Camp |
| 24:19 | Research | Imperial Age |
| 24:57 | Research | Gold Mining |
| 27:29 | Age | Imperial Age |
| 27:30 | Build | Feitoria |
| 27:57 | Build | Feitoria |
| 28:16 | Build | House |
| 28:16 | Build | House |
| 28:16 | Build | House |
| 28:17 | Build | House |
| 28:17 | Build | House |
| 28:17 | Build | House |
| 28:17 | Build | House |
| 28:56 | Build | House |
| 28:58 | Build | House |
| 29:00 | Build | House |
| 29:01 | Build | House |
| 29:06 | Build | House |
| 29:10 | Build | House |
| 29:56 | Build | Feitoria |
| 30:04 | Research | Double-Bit Axe |
| 30:07 | Create | Villager (Male) ×4 |
| 30:07 | Create | Villager (Male) ×4 |
| 30:42 | Build | University |
| 31:15 | Build | Mining Camp |
| 31:28 | Research | Chemistry |
| 31:35 | Create | Villager (Male) |
| 31:36 | Create | Villager (Male) |
| 31:46 | Build | Feitoria |
| 31:56 | Build | Feitoria |
| 32:06 | Build | Mining Camp |
| 32:27 | Build | House |
| 32:28 | Build | House |
| 32:30 | Build | House |
| 32:32 | Build | House |
| 32:33 | Build | House |
| 32:33 | Build | House |
| 32:33 | Build | House |
| 32:33 | Build | House |
| 32:34 | Build | House |
| 32:40 | Research | Bow Saw |
| 32:43 | Create | Villager (Male) ×4 |
| 32:44 | Create | Villager (Male) ×4 |
| 33:05 | Build | Lumber Camp |
| 33:49 | Build | Siege Workshop |
| 33:51 | Create | Organ Gun |
| 34:02 | Create | Organ Gun ×5 |
| 34:02 | Create | Organ Gun ×5 |
| 34:21 | Create | Organ Gun |
| 34:21 | Create | Organ Gun |
| 34:33 | Build | House |
| 34:33 | Build | House |
| 34:34 | Build | House |
| 34:34 | Build | House |
| 34:34 | Build | House |
| 34:34 | Build | House |
| 34:35 | Build | House |
| 34:35 | Build | House |
| 35:07 | Create | Villager (Male) ×5 |
| 35:24 | Build | Castle |
| 35:29 | Research | Stone Mining |
| 35:43 | Create | Bombard Cannon |
| 35:43 | Create | Bombard Cannon |
| 35:43 | Create | Bombard Cannon |
| 36:05 | Build | House |
| 36:06 | Build | House |
| 36:06 | Build | House |
| 36:06 | Build | House |
| 36:06 | Build | House |
| 36:07 | Build | House |
| 36:07 | Build | House |
| 36:08 | Build | House |
| 36:09 | Build | House |
| 36:09 | Build | House |
| 36:16 | Build | House |
| 36:17 | Build | House |
| 36:52 | Research | Elite Organ Gun (upgrade) |
| 36:56 | Create | Organ Gun ×5 |
| 36:56 | Create | Organ Gun ×5 |
| 37:25 | Create | Bombard Cannon |
| 37:25 | Create | Bombard Cannon |
| 37:35 | Create | Organ Gun |
Build order — XXIV
First 150 of 602 actions detected
| 0:03 | Build | House |
| 0:04 | Build | House |
| 0:05 | Create | Villager (Male) |
| 0:05 | Create | Villager (Male) |
| 0:05 | Create | Villager (Male) |
| 0:06 | Create | Villager (Male) |
| 0:06 | Create | Villager (Male) |
| 1:50 | Create | Villager (Male) |
| 1:51 | Create | Villager (Male) |
| 2:19 | Create | Villager (Male) |
| 2:20 | Create | Villager (Male) |
| 2:20 | Create | Villager (Male) |
| 2:21 | Research | Loom |
| 3:13 | Build | Lumber Camp |
| 3:14 | Create | Villager (Male) |
| 3:14 | Create | Villager (Male) |
| 3:31 | Create | Villager (Male) |
| 3:44 | Build | House |
| 3:52 | Create | Villager (Male) |
| 3:52 | Create | Villager (Male) |
| 5:18 | Create | Villager (Male) |
| 5:19 | Create | Villager (Male) |
| 5:24 | Create | Villager (Male) |
| 5:26 | Create | Villager (Male) |
| 5:48 | Build | House |
| 5:52 | Build | Mill |
| 6:28 | Create | Villager (Male) |
| 6:29 | Create | Villager (Male) |
| 7:28 | Create | Villager (Male) |
| 7:38 | Research | Feudal Age |
| 8:13 | Build | Mining Camp |
| 8:26 | Build | Lumber Camp |
| 9:26 | Create | Villager (Male) |
| 9:26 | Create | Villager (Male) |
| 9:30 | Create | Villager (Male) |
| 9:48 | Build | House |
| 9:57 | Create | Villager (Male) |
| 10:24 | Age | Feudal Age |
| 10:34 | Build | Blacksmith |
| 11:15 | Create | Villager (Male) |
| 11:47 | Build | Farm |
| 11:57 | Build | House |
| 12:03 | Research | Double-Bit Axe |
| 12:09 | Create | Villager (Male) |
| 12:22 | Build | Farm |
| 12:26 | Build | Farm |
| 13:02 | Create | Villager (Male) |
| 13:07 | Build | Market |
| 13:13 | Build | House |
| 14:03 | Build | House |
| 14:09 | Create | Villager (Male) |
| 14:14 | Build | Farm |
| 14:17 | Build | Farm |
| 14:26 | Build | Lumber Camp |
| 14:35 | Research | Castle Age |
| 14:50 | Build | Mining Camp |
| 15:01 | Build | House |
| 15:04 | Build | House |
| 15:08 | Build | House |
| 16:05 | Create | Villager (Male) |
| 16:05 | Create | Villager (Male) |
| 16:06 | Create | Villager (Male) |
| 16:22 | Build | Farm |
| 16:22 | Build | Farm |
| 16:22 | Build | Farm |
| 16:23 | Build | Farm |
| 16:23 | Build | Farm |
| 16:24 | Build | Farm |
| 16:27 | Build | Farm |
| 16:37 | Build | Farm |
| 16:51 | Research | Horse Collar |
| 17:03 | Build | Farm |
| 17:03 | Build | Farm |
| 17:04 | Build | Farm |
| 17:06 | Build | Farm |
| 17:13 | Build | Mining Camp |
| 17:15 | Age | Castle Age |
| 17:20 | Create | Villager (Male) |
| 17:40 | Build | Town Center |
| 17:55 | Build | Mining Camp |
| 18:00 | Create | Villager (Male) |
| 18:03 | Create | Villager (Male) |
| 18:04 | Create | Villager (Male) |
| 18:15 | Build | Barracks |
| 18:25 | Research | Bow Saw |
| 18:47 | Create | Villager (Male) |
| 18:48 | Create | Villager (Male) |
| 18:48 | Create | Villager (Male) |
| 19:24 | Create | Villager (Male) |
| 19:25 | Create | Villager (Male) |
| 19:28 | Create | Villager (Male) |
| 19:33 | Create | Villager (Male) |
| 19:33 | Create | Villager (Male) |
| 19:54 | Build | Town Center |
| 20:14 | Create | Villager (Male) |
| 20:15 | Create | Villager (Male) |
| 20:17 | Create | Villager (Male) |
| 20:17 | Create | Villager (Male) |
| 20:18 | Create | Villager (Male) |
| 20:38 | Build | Farm |
| 20:47 | Create | Villager (Male) |
| 20:47 | Create | Villager (Male) |
| 20:48 | Create | Villager (Male) |
| 20:48 | Create | Villager (Male) |
| 21:23 | Create | Villager (Male) |
| 21:24 | Create | Villager (Male) |
| 21:24 | Create | Villager (Male) |
| 21:24 | Create | Villager (Male) |
| 21:34 | Create | Villager (Male) |
| 21:34 | Create | Villager (Male) |
| 22:00 | Create | Villager (Male) |
| 22:02 | Create | Villager (Male) |
| 22:10 | Build | Farm |
| 22:12 | Build | Farm |
| 22:13 | Build | Farm |
| 22:21 | Build | Farm |
| 22:23 | Create | Villager (Male) |
| 22:24 | Create | Villager (Male) |
| 22:33 | Build | Farm |
| 22:48 | Build | Farm |
| 22:48 | Build | Farm |
| 22:52 | Create | Villager (Male) |
| 22:52 | Create | Villager (Male) |
| 22:52 | Create | Villager (Male) |
| 22:53 | Create | Villager (Male) |
| 22:53 | Create | Villager (Male) |
| 23:08 | Build | Farm |
| 23:08 | Build | Farm |
| 23:08 | Build | Farm |
| 23:09 | Build | Farm |
| 23:09 | Build | Farm |
| 23:09 | Build | Farm |
| 23:22 | Create | Villager (Male) |
| 23:22 | Create | Villager (Male) |
| 23:24 | Create | Villager (Male) |
| 23:25 | Create | Villager (Male) |
| 23:25 | Create | Villager (Male) |
| 23:54 | Build | Castle |
| 24:05 | Create | Villager (Male) |
| 24:05 | Create | Villager (Male) |
| 24:06 | Create | Villager (Male) |
| 24:06 | Create | Villager (Male) |
| 24:18 | Create | Trade Cart |
| 24:18 | Create | Trade Cart |
| 24:25 | Create | Villager (Male) |
| 24:25 | Create | Villager (Male) |
| 24:25 | Create | Villager (Male) |
| 24:26 | Create | Villager (Male) |
| 24:26 | Create | Villager (Male) |
| 24:36 | Build | House |
Build order — Naxzh Foster
First 150 of 773 actions detected
| 0:02 | Create | Villager (Male) |
| 0:02 | Create | Villager (Male) |
| 0:02 | Create | Villager (Male) |
| 0:05 | Build | House |
| 0:07 | Build | House |
| 0:31 | Create | Villager (Male) |
| 0:32 | Create | Villager (Male) |
| 1:27 | Create | Villager (Male) |
| 2:10 | Create | Villager (Male) |
| 2:30 | Create | Villager (Male) |
| 2:48 | Build | Lumber Camp |
| 2:53 | Create | Villager (Male) |
| 2:53 | Create | Villager (Male) |
| 2:54 | Create | Villager (Male) |
| 3:22 | Create | Villager (Male) |
| 3:23 | Create | Villager (Male) |
| 3:23 | Create | Villager (Male) |
| 3:24 | Create | Villager (Male) |
| 3:30 | Build | House |
| 4:07 | Create | Villager (Male) |
| 4:21 | Create | Villager (Male) |
| 4:22 | Create | Villager (Male) |
| 5:14 | Create | Villager (Male) |
| 5:30 | Create | Villager (Male) |
| 5:35 | Build | House |
| 5:42 | Build | Mill |
| 5:56 | Create | Villager (Male) |
| 6:20 | Create | Villager (Male) |
| 6:44 | Create | Villager (Male) |
| 7:04 | Create | Villager (Male) |
| 7:34 | Create | Villager (Male) |
| 8:09 | Build | Mining Camp |
| 8:29 | Research | Feudal Age |
| 8:56 | Build | Mill |
| 9:12 | Create | Villager (Male) |
| 9:12 | Create | Villager (Male) |
| 9:25 | Build | House |
| 10:39 | Age | Feudal Age |
| 11:06 | Research | Loom |
| 11:22 | Build | Market |
| 11:25 | Create | Villager (Male) |
| 11:42 | Create | Villager (Male) |
| 11:53 | Build | Blacksmith |
| 12:47 | Create | Villager (Male) |
| 14:12 | Research | Castle Age |
| 14:34 | Build | Barracks |
| 14:40 | Research | Double-Bit Axe |
| 14:42 | Research | Horse Collar |
| 15:13 | Build | Stable |
| 15:19 | Build | House |
| 15:22 | Build | House |
| 15:30 | Build | Palisade Wall |
| 15:36 | Build | Palisade Wall |
| 15:42 | Build | Palisade Wall |
| 16:35 | Build | Farm |
| 16:37 | Build | Farm |
| 16:40 | Build | Farm |
| 16:42 | Build | Farm |
| 16:52 | Age | Castle Age |
| 17:08 | Build | Town Center |
| 17:12 | Create | Villager (Male) |
| 17:12 | Create | Villager (Male) |
| 17:18 | Create | Knight |
| 17:23 | Build | Farm |
| 17:26 | Build | Farm |
| 17:33 | Build | Farm |
| 17:43 | Build | Farm |
| 17:49 | Create | Knight |
| 18:26 | Build | Siege Workshop |
| 18:34 | Create | Villager (Male) |
| 18:38 | Create | Knight |
| 18:53 | Build | Farm |
| 18:55 | Build | Farm |
| 19:00 | Create | Villager (Male) |
| 19:04 | Build | Farm |
| 19:24 | Create | Villager (Male) |
| 19:32 | Create | Mangonel |
| 19:43 | Create | Villager (Male) |
| 19:50 | Create | Villager (Male) |
| 19:56 | Build | Farm |
| 20:29 | Create | Villager (Male) |
| 20:30 | Create | Villager (Male) |
| 20:47 | Create | Villager (Male) |
| 20:49 | Create | Villager (Male) |
| 21:01 | Build | Farm |
| 21:04 | Build | Farm |
| 21:08 | Create | Villager (Male) |
| 21:39 | Create | Villager (Male) |
| 21:41 | Create | Villager (Male) |
| 21:41 | Create | Villager (Male) |
| 22:15 | Build | Town Center |
| 22:25 | Create | Battering Ram |
| 22:57 | Create | Villager (Male) |
| 22:57 | Create | Villager (Male) |
| 22:57 | Create | Villager (Male) |
| 22:58 | Create | Villager (Male) |
| 23:00 | Build | House |
| 23:02 | Build | House |
| 23:07 | Create | Knight |
| 23:11 | Research | Scale Barding Armor |
| 23:28 | Build | Farm |
| 23:30 | Build | Farm |
| 23:36 | Build | Farm |
| 23:39 | Build | Farm |
| 23:44 | Build | Farm |
| 23:46 | Build | House |
| 23:49 | Build | Farm |
| 23:53 | Create | Villager (Male) |
| 23:53 | Create | Villager (Male) |
| 23:58 | Create | Battering Ram |
| 24:11 | Research | Bloodlines |
| 24:15 | Create | Villager (Male) |
| 24:16 | Create | Villager (Male) |
| 24:23 | Build | Farm |
| 24:26 | Build | Farm |
| 24:32 | Create | Villager (Male) |
| 24:34 | Create | Villager (Male) |
| 24:39 | Build | House |
| 24:47 | Create | Knight |
| 25:21 | Build | Farm |
| 25:28 | Create | Villager (Male) |
| 25:28 | Create | Villager (Male) |
| 25:28 | Create | Villager (Male) |
| 25:29 | Create | Villager (Male) |
| 25:29 | Create | Villager (Male) |
| 25:53 | Build | Town Center |
| 26:15 | Create | Villager (Male) |
| 26:15 | Create | Villager (Male) |
| 26:17 | Research | Gold Mining |
| 26:20 | Research | Stone Mining |
| 26:29 | Build | Lumber Camp |
| 26:37 | Build | Farm |
| 26:39 | Build | Farm |
| 26:41 | Build | Farm |
| 26:49 | Create | Villager (Male) |
| 26:49 | Create | Villager (Male) |
| 26:49 | Create | Villager (Male) |
| 26:51 | Create | Villager (Male) |
| 26:51 | Create | Villager (Male) |
| 26:56 | Create | Villager (Male) |
| 26:56 | Create | Villager (Male) |
| 26:57 | Create | Villager (Male) |
| 26:57 | Create | Villager (Male) |
| 27:03 | Build | House |
| 27:08 | Build | Farm |
| 27:10 | Build | Farm |
| 27:18 | Create | Villager (Male) |
| 27:20 | Create | Villager (Male) |
| 27:21 | Create | Villager (Male) |
| 27:34 | Create | Villager (Male) |
Build order — sl781111
First 150 of 403 actions detected
| 0:03 | Create | Villager (Male) ×4 |
| 0:48 | Build | House |
| 1:17 | Build | House |
| 1:54 | Create | Villager (Male) |
| 2:30 | Create | Villager (Male) |
| 2:31 | Create | Villager (Male) |
| 3:12 | Create | Villager (Male) |
| 3:12 | Create | Villager (Male) |
| 3:23 | Create | Villager (Male) |
| 3:24 | Create | Villager (Male) |
| 3:24 | Create | Villager (Male) |
| 3:41 | Build | Lumber Camp |
| 4:20 | Create | Villager (Male) |
| 4:21 | Create | Villager (Male) |
| 4:59 | Create | Villager (Male) |
| 5:00 | Create | Villager (Male) |
| 5:00 | Create | Villager (Male) |
| 5:43 | Build | House |
| 5:44 | Build | House |
| 5:45 | Build | House |
| 6:16 | Create | Villager (Male) |
| 6:16 | Create | Villager (Male) |
| 6:59 | Create | Villager (Male) |
| 7:39 | Create | Villager (Male) |
| 8:03 | Create | Villager (Male) |
| 8:03 | Create | Villager (Male) |
| 8:50 | Create | Villager (Male) |
| 8:50 | Create | Villager (Male) |
| 9:15 | Build | Mill |
| 9:24 | Create | Villager (Male) |
| 9:25 | Create | Villager (Male) |
| 11:32 | Research | Feudal Age |
| 11:48 | Build | Mining Camp |
| 13:42 | Age | Feudal Age |
| 14:36 | Build | Blacksmith |
| 14:39 | Create | Villager (Male) ×5 |
| 14:49 | Build | Farm |
| 14:50 | Build | Farm |
| 14:52 | Build | Farm |
| 14:53 | Build | Farm |
| 14:55 | Build | Farm |
| 14:56 | Build | Farm |
| 14:59 | Build | Farm |
| 15:00 | Build | Farm |
| 15:09 | Build | Market |
| 15:22 | Build | House |
| 15:23 | Build | House |
| 15:24 | Build | House |
| 15:26 | Build | House |
| 15:28 | Build | House |
| 15:35 | Build | Mining Camp |
| 16:52 | Research | Castle Age |
| 17:00 | Research | Double-Bit Axe |
| 18:13 | Research | Gold Mining |
| 18:20 | Research | Stone Mining |
| 19:00 | Create | Villager (Male) ×5 |
| 19:32 | Age | Castle Age |
| 19:44 | Build | Monastery |
| 20:04 | Build | Town Center |
| 20:08 | Build | Lumber Camp |
| 20:29 | Research | Bow Saw |
| 20:31 | Create | Monk |
| 20:31 | Create | Monk |
| 21:44 | Create | Villager (Male) ×5 |
| 21:59 | Research | Gold Shaft Mining |
| 22:58 | Build | Lumber Camp |
| 23:07 | Create | Villager (Male) ×5 |
| 23:31 | Build | Town Center |
| 23:39 | Build | Farm |
| 23:45 | Build | Farm |
| 23:49 | Build | Farm |
| 23:51 | Build | Farm |
| 23:53 | Build | Farm |
| 23:59 | Create | Villager (Male) ×5 |
| 24:51 | Create | Monk |
| 25:03 | Research | Caravan |
| 25:03 | Create | Trade Cart ×5 |
| 25:23 | Build | Lumber Camp |
| 25:45 | Create | Villager (Male) ×5 |
| 25:52 | Build | Farm |
| 25:54 | Build | Farm |
| 25:56 | Build | Farm |
| 26:38 | Build | Farm |
| 26:42 | Build | Farm |
| 26:43 | Build | Farm |
| 26:49 | Build | Farm |
| 26:54 | Create | Villager (Male) ×5 |
| 27:09 | Build | Farm |
| 27:11 | Build | Farm |
| 28:31 | Build | House |
| 28:32 | Build | House |
| 28:33 | Build | House |
| 28:34 | Build | House |
| 28:36 | Build | House |
| 28:45 | Research | Forging |
| 28:45 | Research | Scale Barding Armor |
| 29:13 | Research | Wheelbarrow |
| 30:27 | Build | University |
| 30:37 | Research | Hand Cart |
| 30:43 | Build | House |
| 30:44 | Build | House |
| 30:45 | Build | House |
| 30:46 | Build | House |
| 30:47 | Build | House |
| 30:54 | Research | Iron Casting |
| 30:55 | Research | Chain Barding Armor |
| 31:22 | Build | Mining Camp |
| 32:02 | Build | Castle |
| 32:14 | Build | Farm |
| 32:17 | Build | Farm |
| 32:21 | Research | Imperial Age |
| 32:30 | Research | Ballistics |
| 32:33 | Research | Murder Holes |
| 32:34 | Research | Masonry |
| 32:45 | Build | Farm |
| 32:46 | Build | Farm |
| 32:47 | Build | Farm |
| 32:53 | Build | Farm |
| 32:55 | Build | Farm |
| 32:56 | Build | Farm |
| 33:06 | Build | Farm |
| 33:12 | Build | Farm |
| 33:18 | Create | Villager (Male) ×5 |
| 33:29 | Create | Villager (Male) ×5 |
| 33:50 | Build | Farm |
| 34:22 | Build | Farm |
| 34:23 | Build | Farm |
| 34:26 | Build | Farm |
| 34:32 | Build | Farm |
| 34:34 | Build | Farm |
| 34:40 | Build | Mill |
| 35:31 | Age | Imperial Age |
| 35:36 | Create | Villager (Male) |
| 35:44 | Create | Villager (Male) ×5 |
| 35:45 | Create | Villager (Male) ×5 |
| 35:53 | Create | Villager (Male) ×5 |
| 36:07 | Research | Blast Furnace |
| 36:08 | Research | Plate Barding Armor |
| 36:16 | Research | Chivalry |
| 36:22 | Research | Conscription |
| 36:24 | Create | Trebuchet (Packed) |
| 36:25 | Create | Trebuchet (Packed) |
| 36:32 | Build | Barracks |
| 37:13 | Build | Stable |
| 37:15 | Build | Stable |
| 37:18 | Build | Stable |
| 37:23 | Build | Stable |
| 37:27 | Build | Stable |
| 37:28 | Build | Stable |
| 37:55 | Build | Farm |
Match timeline
| 3:45 | 白腳黑貓 · wall_segment Palisade Wall x9 |
| 4:38 | 白腳黑貓 · wall_segment Palisade Wall x8 |
| 7:24 | 白腳黑貓 · first_building Barracks |
| 9:37 | 狗狗汪汪 · first_building Barracks |
| 10:14 | Caballo Loco · age_up feudal |
| 10:21 | 狗狗汪汪 · age_up feudal |
| 10:24 | XXIV · age_up feudal |
| 10:39 | Naxzh Foster · age_up feudal |
| 11:06 | Танцующий Xyй · age_up feudal |
| 11:08 | Entropy · wall_segment Palisade Wall x1 |
| 11:15 | Caballo Loco · first_building Barracks |
| 11:32 | Entropy · age_up feudal |
| 13:06 | 狗狗汪汪 · first_building Archery Range |
| 13:42 | sl781111 · age_up feudal |
| 14:34 | Naxzh Foster · first_building Barracks |
| 14:42 | 白腳黑貓 · age_up feudal |
| 15:13 | Naxzh Foster · first_building Stable |
| 15:27 | Entropy · age_up castle |
| 15:30 | Naxzh Foster · wall_segment Palisade Wall x1 |
| 15:34 | Entropy · first_market_buy 100 food |
| 15:36 | Naxzh Foster · wall_segment Palisade Wall x1 |
| 15:42 | Naxzh Foster · wall_segment Palisade Wall x1 |
| 16:15 | Caballo Loco · first_market_buy 100 food |
| 16:52 | Naxzh Foster · age_up castle |
| 17:15 | XXIV · age_up castle |
| 18:15 | XXIV · first_building Barracks |
| 18:18 | Танцующий Xyй · age_up castle |
| 18:23 | Entropy · first_building Castle |
| 18:26 | Naxzh Foster · first_building Siege Workshop |
| 18:37 | Танцующий Xyй · first_market_buy 100 stone |
| 18:45 | Танцующий Xyй · first_building Castle |
| 18:49 | 狗狗汪汪 · wall_segment Palisade Wall x1 |
| 18:49 | 狗狗汪汪 · wall_segment Palisade Wall x1 |
| 18:50 | 狗狗汪汪 · wall_segment Palisade Wall x1 |
| 18:51 | 狗狗汪汪 · wall_segment Palisade Wall x1 |
| 19:32 | sl781111 · age_up castle |
| 19:44 | sl781111 · first_building Monastery |
| 20:25 | Танцующий Xyй · first_market_sell 100 wood |
| 20:59 | 狗狗汪汪 · wall_segment Stone Wall x1 |
| 21:08 | Caballo Loco · age_up castle |
| 21:31 | 狗狗汪汪 · wall_segment Stone Wall x24 |
| 21:35 | 狗狗汪汪 · age_up castle |
| 21:40 | 狗狗汪汪 · first_building Castle |
| 22:46 | 狗狗汪汪 · first_building Monastery |
| 23:12 | 白腳黑貓 · age_up castle |
| 23:44 | 白腳黑貓 · wall_segment Stone Wall x8 |
| 23:54 | XXIV · first_building Castle |
| 24:37 | 白腳黑貓 · wall_segment Stone Wall x7 |
| 26:06 | 白腳黑貓 · wall_segment Stone Wall x7 |
| 27:00 | XXIV · first_market_buy 100 food |
| 27:19 | 白腳黑貓 · wall_segment Stone Wall x7 |
| 27:29 | Танцующий Xyй · age_up imperial |
| 27:32 | XXIV · first_building Stable |
| 27:59 | Caballo Loco · first_building Castle |
| 29:45 | XXIV · first_building Archery Range |
| 30:12 | Naxzh Foster · first_market_buy 100 wood |
| 30:22 | XXIV · age_up imperial |
| 30:23 | Entropy · first_market_sell 100 stone |
| 30:36 | 白腳黑貓 · first_building Archery Range |
| 30:39 | Caballo Loco · first_building Monastery |
| 30:50 | Entropy · first_building Barracks |
| 31:01 | 白腳黑貓 · first_building Monastery |
| 31:43 | 白腳黑貓 · first_market_sell 100 food |
| 31:56 | 白腳黑貓 · first_building Castle |
| 31:59 | Naxzh Foster · first_building Castle |
| 32:02 | sl781111 · first_building Castle |
| 32:56 | 白腳黑貓 · first_building Siege Workshop |
| 33:48 | Entropy · age_up imperial |
| 33:49 | Танцующий Xyй · first_building Siege Workshop |
| 34:08 | Entropy · first_building Archery Range |
| 34:30 | 狗狗汪汪 · age_up imperial |
| 35:27 | XXIV · first_building Siege Workshop |
| 35:30 | 白腳黑貓 · age_up imperial |
| 35:31 | sl781111 · age_up imperial |
| 36:32 | sl781111 · first_building Barracks |
| 37:13 | sl781111 · first_building Stable |
| 37:28 | Naxzh Foster · age_up imperial |
| 38:26 | Entropy · first_building Siege Workshop |
| 38:35 | Caballo Loco · age_up imperial |
| 39:27 | Naxzh Foster · first_market_sell 100 food |
| 39:49 | Caballo Loco · first_building Archery Range |
| 43:08 | Caballo Loco · first_market_sell 100 food |
| 44:41 | 狗狗汪汪 · first_building Siege Workshop |
| 46:36 | XXIV · tribute_sent a jugador 1 |
| 46:36 | XXIV · tribute_sent a jugador 2 |
| 46:36 | XXIV · tribute_sent a jugador 3 |
| 46:36 | XXIV · tribute_sent a jugador 4 |
| 46:36 | XXIV · tribute_sent a jugador 5 |
| 46:36 | XXIV · tribute_sent a jugador 7 |
| 46:36 | XXIV · tribute_sent a jugador 8 |
| 47:03 | sl781111 · first_market_sell 500 food |
| 47:53 | sl781111 · first_building Siege Workshop |
| 48:55 | Entropy · tribute_sent a jugador 1 |
| 48:55 | Entropy · tribute_sent a jugador 2 |
| 48:55 | Entropy · tribute_sent a jugador 4 |
| 48:55 | Entropy · tribute_sent a jugador 5 |
| 48:55 | Entropy · tribute_sent a jugador 6 |
| 48:55 | Entropy · tribute_sent a jugador 7 |
| 48:55 | Entropy · tribute_sent a jugador 8 |
| 50:20 | Entropy · tribute_sent a jugador 1 |
| 50:20 | Entropy · tribute_sent a jugador 2 |
| 50:20 | Entropy · tribute_sent a jugador 4 |
| 50:20 | Entropy · tribute_sent a jugador 5 |
| 50:20 | Entropy · tribute_sent a jugador 6 |
| 50:20 | Entropy · tribute_sent a jugador 7 |
| 50:20 | Entropy · tribute_sent a jugador 8 |
| 50:33 | Entropy · tribute_sent a jugador 1 |
| 50:33 | Entropy · tribute_sent a jugador 2 |
| 50:33 | Entropy · tribute_sent a jugador 4 |
| 50:33 | Entropy · tribute_sent a jugador 5 |
| 50:33 | Entropy · tribute_sent a jugador 6 |
| 50:33 | Entropy · tribute_sent a jugador 7 |
| 50:33 | Entropy · tribute_sent a jugador 8 |
| 54:24 | Entropy · tribute_sent a jugador 1 |
| 54:24 | Entropy · tribute_sent a jugador 2 |
| 54:24 | Entropy · tribute_sent a jugador 4 |
| 54:24 | Entropy · tribute_sent a jugador 5 |
| 54:24 | Entropy · tribute_sent a jugador 6 |
| 54:24 | Entropy · tribute_sent a jugador 7 |
| 54:24 | Entropy · tribute_sent a jugador 8 |
| 57:52 | Танцующий Xyй · first_building Barracks |
| 59:09 | 白腳黑貓 · wall_segment Stone Wall x6 |
| 63:19 | Entropy · first_building Stable |
| 63:34 | XXIV · wall_segment Stone Wall x8 |
| 63:36 | XXIV · wall_segment Stone Wall x8 |
| 64:24 | Танцующий Xyй · wall_segment Stone Wall x15 |
| 65:04 | Naxzh Foster · wall_segment Stone Wall x5 |
| 65:48 | Naxzh Foster · wall_segment Stone Wall x1 |
| 70:23 | Naxzh Foster · wall_segment Stone Wall x3 |
| 72:35 | Танцующий Xyй · wall_segment Stone Wall x25 |
| 72:41 | XXIV · first_market_sell 500 food |
| 77:46 | Naxzh Foster · wall_segment Stone Wall x4 |
| 79:10 | Naxzh Foster · wall_segment Stone Wall x5 |
| 80:22 | Naxzh Foster · wall_segment Stone Wall x12 |
| 80:28 | 狗狗汪汪 · first_market_sell 500 wood |
| 81:44 | Naxzh Foster · wall_segment Stone Wall x7 |
| 90:50 | Caballo Loco · tribute_sent a jugador 2 |
| 90:50 | Caballo Loco · tribute_sent a jugador 3 |
| 90:50 | Caballo Loco · tribute_sent a jugador 4 |
| 90:50 | Caballo Loco · tribute_sent a jugador 5 |
| 90:50 | Caballo Loco · tribute_sent a jugador 6 |
| 90:50 | Caballo Loco · tribute_sent a jugador 7 |
| 90:50 | Caballo Loco · tribute_sent a jugador 8 |
| 95:28 | Entropy · tribute_sent a jugador 1 |
| 95:28 | Entropy · tribute_sent a jugador 2 |
| 95:28 | Entropy · tribute_sent a jugador 4 |
| 95:28 | Entropy · tribute_sent a jugador 5 |
| 95:28 | Entropy · tribute_sent a jugador 6 |
| 95:28 | Entropy · tribute_sent a jugador 7 |
| 95:28 | Entropy · tribute_sent a jugador 8 |
| 96:13 | 白腳黑貓 · resign |
[ AI ANALYSIS · 1 CREDIT ]
What really happened in this match?
Wolo.gg analyzes every decision: build order, eco, micro, common mistakes by bracket. Personalized analysis on WhatsApp or Discord in 30 seconds.
Civ guide
Italians
Map guide
Amazon Tunnel
Perfil
Entropy